 Dungeon Crawl Stone Soup version 0.22-a0-538-g76cc104 (webtiles) character file.

29284 kae the Martial Artist (level 13, -5/98 HPs)
             Began as a Demonspawn Transmuter on June 23, 2018.
             Was a High Priest of Okawaru.
             Killed from afar by a starcursed mass (10 damage)
             ... with an accursed screaming
             ... on level 1 of the Abyss.
             The game lasted 00:24:27 (17106 turns).

kae the Martial Artist (Demonspawn Transmuter)     Turns: 17106, Time: 00:24:28

Health: -5/98      AC: 17    Str: 16    XL:     13   Next: 14%
Magic:  0/24       EV: 19    Int: 16    God:    Okawaru [*****.]
Gold:   652        SH:  0    Dex: 22    Spells: 11/26 levels left

rFire    + . .     SeeInvis .     - Unarmed
rCold    + + .     Gourm    .   (no shield)
rNeg     . . .     Faith    .   A - +5 ring mail of Daisies {rC+ Str+6 Dex+4}
rPois    +         Spirit   +   (no helmet)
rElec    +         Reflect  .   h - +2 cloak {MR+}
rCorr    +         Harm     .   (no gloves)
MR       +....                  N - +2 pair of boots
Stlth    ++........             J - amulet of guardian spirit
HPRegen  0.26/turn              H - ring of stealth
MPRegen  0.19/turn              c - ring of stealth

@: confused, resistant, slowed, drained, very slow
A: claws 1, repulsion field 2, powered by death 3
a: Heroism, Finesse, Renounce Religion


You were on level 1 of the Abyss.
You worshipped Okawaru.
Okawaru was extremely pleased with you.
You were not hungry.

You visited 3 branches of the dungeon, and saw 14 of its levels.
You visited the Abyss 1 time.
You also visited: Sewer and Ice Cave.

You collected 682 gold pieces.
You spent 30 gold pieces at shops.

Inventory:

Missiles
 a - 165 arrows
 F - 2 throwing nets (quivered)
Armour
 h - a +2 cloak of magic resistance (worn)
 A - the +5 ring mail of Daisies (worn) {rC+ Str+6 Dex+4}
   (You found it on level 4 of the Dungeon)

   It affects your strength (+6).
   It affects your dexterity (+4).
   It protects you from cold.
 N - a +2 pair of boots (worn)
Jewellery
 c - a ring of stealth (right claw)
 o - an uncursed ring of protection from cold
 s - an uncursed amulet of the gourmand
 w - an uncursed amulet of magic regeneration
 x - an uncursed ring of fire
 D - an uncursed ring of protection from fire
 H - a ring of stealth (left claw)
 J - an amulet of guardian spirit (around neck)
 L - an uncursed ring of fire
 M - an uncursed ring of ice
 S - an uncursed ring of positive energy
Wands
 t - a wand of paralysis (14)
 u - a wand of flame (83)
 y - a wand of polymorph (21)
 B - a wand of acid (15)
Scrolls
 e - 16 scrolls of teleportation
 l - 4 scrolls of amnesia
 m - 4 scrolls of magic mapping
 p - 5 scrolls of remove curse
 v - 4 scrolls of fog
 E - a scroll of enchant armour
 I - 2 scrolls of enchant weapon
Potions
 b - 2 potions of degeneration
 f - 5 potions of heal wounds
 i - 3 potions of haste
 j - a potion of might
 k - 3 potions of magic
 n - 2 potions of invisibility
 q - 3 potions of flight {unknown}
 z - 5 potions of lignification
 K - a potion of agility
 O - a potion of brilliance
 R - 2 potions of berserk rage
Comestibles
 d - 29 rations


   Skills:
 + Level 7.8(7.6) Fighting
 + Level 6.5(6.3) Armour
 + Level 6.9(6.7) Dodging
 * Level 10.6(10.3) Unarmed Combat
 + Level 7.4(7.2) Spellcasting
 * Level 10.4(10.1) Transmutations
 + Level 8.5(8.2) Invocations


You had 11 spell levels left.
You knew the following spells:

 Your Spells              Type           Power        Failure   Level  Hunger
a - Beastly Appendage     Tmut           #####.       1%          1    None
b - Sticks to Snakes      Tmut           #####...     1%          2    None
c - Spider Form           Tmut/Pois      ###.......   8%          3    ##.....
d - Blade Hands           Tmut           #####.....   9%          5    #####..
e - Ice Form              Ice/Tmut       ###.....     26%         4    ####...

Your spell library contained the following spells:

 Spells                   Type           Power        Failure   Level  Hunger
 Magic Dart               Conj           #...         22%         1    None
 Conjure Flame            Conj/Fire      #.......     54%         3    ##.....
 Confuse                  Hex            #.......     54%         3    ##.....
 Freezing Cloud           Conj/Ice/Air   #.........   100%        6    #######
 Mephitic Cloud           Conj/Pois/Air  #.......     54%         3    ##.....
 Ring of Flames           Chrm/Fire      #.........   100%        7    #######
 Iskenderun's Mystic Bla  Conj           #.......     91%         4    ####...
 Confusing Touch          Hex            #.....       22%         1    None
 Metabolic Englaciation   Hex/Ice        #.........   99%         5    #####..
 Petrify                  Tmut/Erth      ###.....     26%         4    ####...
 Fulminant Prism          Conj/Hex       #.........   91%         4    ####...
 Dazzling Spray           Conj/Hex       #.....       54%         3    ##.....
 Force Lance              Conj/Tloc      #.......     91%         4    ####...
 Searing Ray              Conj           #.....       32%         2    None
 Gell's Gravitas          Tloc           #.........   54%         3    ##.....
 Yara's Violent Unravell  Hex/Tmut       ###.......   58%         5    #####..
 Poisonous Vapours        Pois/Air       #.....       32%         2    None


Dungeon Overview and Level Annotations

Branches:
Dungeon (10/15)            Temple (1/1) D:5            Lair (3/6) D:8
  Swamp: Lair:2-4    Shoals: Lair:2-4     Snake: Lair:2-4    Spider: Lair:2-4
    Orc: D:9-12

Altars:
Ashenzari
Cheibriados
Dithmenos
Elyvilon
Fedhas
Gozag
Hepliaklqana
Kikubaaqudgha
Makhleb
Nemelex Xobeh
Okawaru
Qazlal
Ru
Sif Muna
Trog
Uskayaw
Vehumet
Wu Jian
Xom
Yredelemnul
Zin
The Shining One

Shops:
D:4 **   D:9 (   D:10 %

Annotations:
D:10 3 runed doors, Hebeh's ghost, journeyman MiFi; Wentogh's ghost, novice DDFi
Lair:1 Harold
Lair:2 exclusion: hydra
Lair:3 Sonja


Innate Abilities, Weirdness & Mutations

You have sharp fingernails.
You are surrounded by a moderate repulsion field. (EV +3)
You regenerate a lot of health from kills.


Message History

You are more confused.
The freezing wraith hits you but does no damage.
The freezing wraith hits you! The freezing wraith drains your vigour!
You feel as though you will be slow longer.
Something hits you!
* * * LOW HITPOINT WARNING * * *
The wraith closely misses you. The golden eye blinks at you.
You resist with almost no effort. The wight closely misses you.
The freezing wraith hits you.
* * * LOW HITPOINT WARNING * * *
The freezing wraith freezes you! You resist.
* * * LOW HITPOINT WARNING * * *
The freezing wraith hits you!
* * * LOW HITPOINT WARNING * * *
The freezing wraith drains your vigour!
You feel as though you will be slow longer.
A starcursed mass splits.
A chorus of shrieks assaults your mind.
You die...

. ### . .
..# 3
..##. #
#..X # # .
#.5x# # #
###WW .# #
§#[
#WW##WG# x
##@z# #
#.(##W≈#
..
..##.#LWW.
#≈≈
###GxGW.#
#. ###
.5..#.# #
X.####.. .
.X# ... .
...X ## .


You could see 3 starcursed masses, a lich, a large abomination, a phantasmal
warrior, 2 freezing wraiths, an eye of draining, 6 wraiths, 2 small
abominations, a wight, 2 golden eyes and 2 white imps.

Vanquished Creatures
  An ophan (Abyss:1)
  2 two-headed ogres
  4 large abominations (Abyss:1)
  Nergalle (D:10)
  2 ugly things (IceCv)
  A cyclops (D:7)
  A stone giant skeleton (Abyss:1)
  A black mamba (Lair:2)
  A centaur zombie (D:10)
  2 ice statues (IceCv)
  3 smoke demons (Abyss:1)
  6 spiny frogs
  2 rime drakes (Lair:3)
  2 komodo dragons
  A freezing wraith (Abyss:1)
  3 efreet (Abyss:1)
  A polar bear (Lair:2)
  A troll (D:9)
  9 blink frogs
  8 hippogriffs
  16 yaks
  A shadow (D:9)
  3 flying skulls (Abyss:1)
  A wraith (D:7)
  2 basilisks
  2 hungry ghosts (D:7)
  A neqoxec (Abyss:1)
  5 water moccasins
  8 porcupines
  3 sky beasts
  5 orc warriors
  7 ogres
  9 ice beasts
  2 black bears (D:7)
  3 phantoms
  15 wolves (Lair:1)
  4 centaurs
  4 crocodiles
  2 big kobolds
  18 bullfrogs
  A wyvern zombie (D:9)
  A gnoll sergeant (D:6)
  A water moccasin zombie (D:7)
  A wyvern skeleton (D:10)
  6 scorpions
  11 wights
  8 howler monkeys
  An electric eel (Lair:2)
  3 crimson imps
  3 small abominations (Abyss:1)
  A bullfrog zombie (D:6)
  3 orc priests
  Crazy Yiuf (D:4)
  7 hounds
  3 jellies
  2 bullfrog skeletons
  A gnoll shaman (D:9)
  3 iguanas
  11 orc wizards
  8 worker ants
  2 hell rats (D:8)
  A hound zombie (D:7)
  A hound skeleton (D:4)
  A howler monkey zombie (D:8)
  18 gnolls
  24 adders
  14 river rats
  A shadow imp (D:7)
  2 oozes
  An adder skeleton (D:5)
  2 adder zombies
  A worm (D:4)
  2 dart slugs (D:4)
  3 leopard geckos
  37 orcs
  3 giant cockroaches
  6 goblins
  2 hobgoblins (D:1)
  13 jackals
  8 kobolds
  14 quokkas
  9 ball pythons
  6 bats
  11 frilled lizards
  A jackal skeleton (D:5)
  A leopard gecko zombie (D:5)
  A quokka skeleton (D:4)
  A quokka zombie (D:5)
  45 rats
470 creatures vanquished.

Vanquished Creatures (collateral kills)
  A two-headed ogre (D:8)
  Ijyb (D:3)
2 creatures vanquished.

Vanquished Creatures (others)
  A wizard (D:7)
  A small abomination (Abyss:1)
  2 orcs
  2 fungi (D:8)
  2 withered plants (D:10)
8 creatures vanquished.

Grand Total: 480 creatures vanquished

Notes
Turn   | Place    | Note
-------+----------+-------------------------------------------
     0 | D:1      | kae the Demonspawn Transmuter began the quest for the Orb.
     0 | D:1      | Reached XP level 1. HP: 15/15 MP: 3/3
   239 | D:1      | Gained mutation: You have sharp fingernails. [demonic ancestry]
   239 | D:1      | Reached XP level 2. HP: 13/21 MP: 5/5
  1076 | D:2      | Gained mutation: You regenerate a little health from kills. [demonic ancestry]
  1076 | D:2      | Reached XP level 3. HP: 24/26 MP: 6/6
  1085 | D:2      | Learned a level 2 spell: Sticks to Snakes
  1089 | D:2      | Learned a level 3 spell: Spider Form
  1135 | D:2      | HP: 1/26 [poisoned by an adder]
  1718 | D:3      | Found an opulent altar of Gozag.
  1962 | D:3      | Gained mutation: You are surrounded by a mild repulsion field. (EV +2) [demonic ancestry]
  1962 | D:3      | Reached XP level 4. HP: 23/33 MP: 5/7
  2330 | D:3      | Noticed Ijyb
  2495 | D:3      | Killed Ijyb
  2929 | D:4      | Reached XP level 5. HP: 38/38 MP: 6/8
  2961 | D:4      | Found an opulent altar of Gozag.
  2961 | D:4      | Found Gozag's Platinum Reserve.
  3189 | D:4      | Found a glowing drain.
  3316 | Sewer    | Entered a sewer
  3743 | Sewer    | Reached XP level 6. HP: 20/46 MP: 8/10
  4503 | D:4      | Found Utijut's General Store.
  4532 | D:4      | Bought a potion of lignification for 30 gold pieces
  4584 | D:4      | Found a deep blue altar of Sif Muna.
  4584 | D:4      | Found a snail-covered altar of Cheibriados.
  4585 | D:4      | Found a sparkling altar of Nemelex Xobeh.
  4603 | D:4      | Reached XP level 7. HP: 52/52 MP: 11/11
  4613 | D:4      | Got a jet-encrusted ring mail
  4624 | D:4      | Identified the +5 ring mail of Daisies {rC+ Str+6 Dex+4} (You found it on level 4 of the Dungeon)
  4731 | D:4      | Found a runed door.
  4827 | D:4      | Noticed Crazy Yiuf
  4837 | D:4      | Killed Crazy Yiuf
  5131 | D:5      | Entered Level 5 of the Dungeon
  5200 | D:5      | Reached skill level 5 in Unarmed Combat
  5412 | D:5      | Reached skill level 1 in Armour
  5467 | D:5      | Found a staircase to the Ecumenical Temple.
  5846 | Temple   | Entered the Ecumenical Temple
  5954 | Temple   | Became a worshipper of Warmaster Okawaru
  6045 | D:5      | Reached XP level 8. HP: 58/58 MP: 13/13
  6147 | D:5      | Reached skill level 5 in Transmutations
  6434 | D:6      | Reached * piety under Okawaru
  7108 | D:6      | Gained mutation: You are surrounded by a moderate repulsion field. (EV +3) [demonic ancestry]
  7108 | D:6      | Reached XP level 9. HP: 45/65 MP: 15/15
  7214 | D:6      | Found a hide-covered altar of Uskayaw.
  7260 | D:6      | Found a burning altar of Makhleb.
  7598 | D:7      | Reached skill level 1 in Invocations
  8371 | D:7      | Noticed a two-headed ogre
  8398 | D:7      | Reached ** piety under Okawaru
  8429 | D:7      | Killed a two-headed ogre
  8429 | D:7      | Reached skill level 5 in Fighting
  8429 | D:7      | Reached skill level 5 in Spellcasting
  8437 | D:7      | Gained mutation: You regenerate health from kills. [demonic ancestry]
  8437 | D:7      | Reached XP level 10. HP: 30/74 MP: 15/17
  8500 | D:7      | Reached *** piety under Okawaru
  8572 | D:7      | Found an iron altar of Okawaru.
  8843 | D:7      | Found a basalt altar of Yredelemnul.
  8973 | D:7      | Found a bloodstained altar of Trog.
  8975 | D:7      | Noticed a wizard
  8981 | D:7      | Killed a wizard
  9233 | D:7      | Noticed a cyclops
  9258 | D:7      | Killed a cyclops
  9631 | D:8      | Noticed a two-headed ogre
  9645 | D:8      | Killed a two-headed ogre
  9645 | D:8      | Reached **** piety under Okawaru
  9789 | D:8      | Reached skill level 5 in Invocations
  9991 | D:8      | Found a staircase to the Lair.
 10392 | D:8      | Reached skill level 5 in Dodging
 10608 | D:9      | Reached XP level 11. HP: 81/81 MP: 19/19
 11030 | D:9      | Found Echum's Antique Weapon Emporium.
 11210 | D:9      | Noticed a two-headed ogre
 11232 | D:9      | Killed a two-headed ogre
 11794 | D:10     | Entered Level 10 of the Dungeon
 11796 | D:10     | Noticed Nergalle
 11800 | D:10     | Reached ***** piety under Okawaru
 11815 | D:10     | Killed Nergalle
 12188 | D:10     | Reached skill level 5 in Armour
 12789 | D:10     | Found a runed gate.
 12789 | D:10     | Found a runed gate.
 12790 | D:10     | Found a runed gate.
 12791 | D:10     | Noticed Hebeh's ghost (journeyman MiFi)
 12792 | D:10     | Noticed Hebeh's ghost (journeyman MiFi)
 12792 | D:10     | Noticed Wentogh's ghost (novice DDFi)
 12880 | D:10     | Found Zidiz's Food Boutique.
 12975 | Lair:1   | Entered Level 1 of the Lair of Beasts
 13539 | Lair:1   | Received a gift from Okawaru
 13557 | Lair:1   | Noticed Harold
 13886 | Lair:1   | Gained mutation: You regenerate a lot of health from kills. [demonic ancestry]
 13886 | Lair:1   | Reached XP level 12. HP: 31/89 MP: 21/21
 15083 | Lair:2   | Received a gift from Okawaru
 15151 | Lair:2   | Noticed an eight-headed hydra
 15907 | Lair:3   | Found a frozen archway.
 15913 | Lair:3   | Reached skill level 10 in Unarmed Combat
 16117 | IceCv    | Entered an ice cave
 16160 | IceCv    | Found a transporter.
 16187 | IceCv    | Learned a level 5 spell: Blade Hands
 16192 | IceCv    | Learned a level 4 spell: Ice Form
 16200 | IceCv    | Found a transporter.
 16206 | IceCv    | Reached skill level 10 in Transmutations
 16306 | Lair:3   | Received a gift from Okawaru
 16362 | Lair:3   | Noticed Sonja
 16435 | Lair:3   | Cast into level 1 of the Abyss (Sonja)
 16458 | Abyss:1  | Received a gift from Okawaru
 16771 | Abyss:1  | Noticed an ophan
 16776 | Abyss:1  | Killed an ophan
 16776 | Abyss:1  | Reached XP level 13. HP: 66/98 MP: 13/24
 17012 | Abyss:1  | Received a gift from Okawaru
 17054 | Abyss:1  | Noticed a lich
 17105 | Abyss:1  | Noticed a starcursed mass
 17106 | Abyss:1  | Killed from afar by a starcursed mass

Vault maps used:
D:1:      lordsloth_arrival_two_stooges
D:3:      overflow_temple_1_default, uniq_ijyb
D:4:      gammafunk_temple_overflow_claw, serial_shops, shop,
          cheibrodos_sewer_entry_drain, nicolae_gozag_zags_fifth_avenue,
          uniq_crazy_yiuf_cottage
D:5:      temple_fountains, first_ration, minmay_strange_pillars,
          hangedman_abyss_or_decor_lesser_grid
D:6:      lemuel_doored_altar, eat_drink_and_be_merry_uskayaw
D:7:      cheibrodos_fzero, lemuel_crystal_altar, basic_altar, trog_wizard
D:8:      lemuel_ratsnest, grunt_lair_entry_orc_guard_hut,
          kennysheep_generic_room_8
D:9:      serial_shops, shop, minivault_26
D:10:     serial_shops, kennysheep_mini, gammafunk_ghost_cemetery,
          blue_anna_alchemist, kennysheep_generic_room_14, uniq_nergalle
Temple:   regret_index_temple_waves
Lair:1:   beast_lair_carwin_11, lemuel_fruit_tree, uniq_harold
Lair:2:   lemuel_fruit_fields, serial_bayou_shore_b, serial_bayou_shore_a
Lair:3:   guppyfry_snake_entry_island, portal_ice_cave_rime, minivault_11,
          uniq_sonja
Abyss:1:  hangedman_abyss_river_spirits, evilmike_abyss_exit_6
Sewer:    sewer_minmay_w
IceCv:    ice_cave_statue_garden_transporter

Skill      XL: |  1  2  3  4  5  6  7  8  9 10 11 12 |
---------------+-------------------------------------+-----
Transmutations | 2 3 4 6 7 8 9 10 | 10.4
Unarmed Combat | 3 4 5 6 7 8 9 10 | 10.6
Fighting       | 2 3 4 5 6 7 |  7.8
Spellcasting   | 3 4 5 6 7 |  7.4
Dodging        | 2 3 4 5 6 |  6.9
Armour         | 1 2 3 4 5 6 |  6.5
Invocations    | 3 5 6 8 |  8.5

Action                   |  1- 3 |  4- 6 |  7- 9 | 10-12 | 13-15 || total
-------------------------+-------+-------+-------+-------+-------++-------
Melee: Unarmed           |   133 |   280 |   444 |  1097 |    61 ||  2015
       Headbutt          |     5 |       |       |    26 |       ||    31
       Kick              |     5 |     6 |       |       |       ||    11
       Punch             |       |     4 |    14 |    91 |     1 ||   110
 Cast: Beastly Appendage |    16 |     6 |       |     6 |       ||    28
       Spider Form       |     1 |     5 |    19 |     2 |       ||    27
       Sticks to Snakes  |       |     4 |       |     5 |       ||     9
       Blade Hands       |       |       |       |     7 |     3 ||    10
Invok: Heroism           |       |       |    13 |    31 |     1 ||    45
Evoke: Wand              |       |       |     1 |     3 |       ||     4
  Use: Scroll            |     6 |     4 |     9 |     7 |     2 ||    28
       Potion            |       |     9 |       |     5 |     2 ||    16
 Stab: Sleeping          |     1 |       |     2 |     8 |       ||    11
       Distracted        |       |       |     1 |     2 |       ||     3
  Eat: Chunk             |     4 |     9 |    10 |    30 |       ||    53
       Ration            |       |       |     2 |       |     1 ||     3
Armor: Robe              |    27 |       |       |       |       ||    27
       Leather armour    |     5 |    69 |       |       |       ||    74
       Skin              |       |     9 |     4 |       |       ||    13
       Ring mail         |       |       |    74 |   325 |    29 ||   428
Dodge: Dodged            |    96 |   261 |   358 |   981 |    84 ||  1780

Table legend:
 A = Spawn XP
 B = Non-spawn XP
 C = Spawn XP percentage of total XP
 D = Spawn monster count
 E = Non-spawn monster count
 F = Spawn count percentage of total count
 G = Total turns spent on level
                    A         B        C        D         E        F      G
               +---------+---------+-------+---------+---------+-------+---------
         Total |    4616 |   37219 |  11.0 |      14 |     458 |   3.0 | 17106
               +---------+---------+-------+---------+---------+-------+---------
           D:1 |       0 |      24 |   0.0 |       0 |      15 |   0.0 |   773
           D:2 |       0 |      55 |   0.0 |       0 |      18 |   0.0 |  1245
           D:3 |       0 |     114 |   0.0 |       0 |      14 |   0.0 |   894
           D:4 |       0 |     267 |   0.0 |       0 |      22 |   0.0 |  1172
           D:5 |       0 |     758 |   0.0 |       0 |      23 |   0.0 |  1465
           D:6 |       0 |    1745 |   0.0 |       0 |      50 |   0.0 |  1318
           D:7 |       0 |    4552 |   0.0 |       0 |      55 |   0.0 |  1490
           D:8 |       0 |    2949 |   0.0 |       0 |      65 |   0.0 |  1085
           D:9 |       0 |    2365 |   0.0 |       0 |      27 |   0.0 |  1227
          D:10 |       0 |    4369 |   0.0 |       0 |      36 |   0.0 |  1123
        Lair:1 |       0 |    6108 |   0.0 |       0 |      34 |   0.0 |  1682
        Lair:2 |       0 |    5178 |   0.0 |       0 |      24 |   0.0 |  1215
        Lair:3 |       0 |    3131 |   0.0 |       0 |      12 |   0.0 |   414
       Abyss:1 |    4616 |    2405 |  65.7 |      14 |       6 |  70.0 |   671
         Sewer |       0 |     357 |   0.0 |       0 |      47 |   0.0 |  1047
         IceCv |       0 |    2842 |   0.0 |       0 |      10 |   0.0 |   149
               +---------+---------+-------+---------+---------+-------+---------
